 Dungeon Crawl Stone Soup version 0.28-a0-95-g65e1ffefe4 (webtiles) character file.

Game seed: 12550166652378290586

8596 Jawa73 the Cleaver (level 11, -2/89 HPs)
             Began as a Palentonga Fighter on July 27, 2021.
             Was an Elder of Okawaru.
             Slain by a yak (11 damage)
             ... on level 10 of the Dungeon on Aug 8, 2021.
             The game lasted 00:31:19 (12485 turns).

Jawa73 the Cleaver (Palentonga Fighter)            Turns: 12485, Time: 00:31:20

Health: -2/89      AC: 18    Str: 22    XL:     11   Next: 12%
Magic:  13/13      EV:  7    Int:  9    God:    Okawaru [****..]
Gold:   496        SH: 10    Dex: 10    Spells: 10/10 levels left

rFire   . . .      SeeInvis +   a - +5 war axe (freeze)
rCold   + . .      Faith    .   c - +0 kite shield
rNeg    . . .      Spirit   .   l - +0 ring mail
rPois   .          Reflect  .   h - +2 hat
rElec   .          Harm     .   (no cloak)
rCorr   .          Rampage  .   C - +1 pair of gloves
Will    .....                   (no barding)
Stlth   ..........              y - amulet of magic regeneration
HPRegen 0.24/turn               f - ring of wizardry
MPRegen 0.38/turn               q - ring of protection from cold

@: curled up
A: large, rugged brown scales 3, see invisible, deformed body, roll 1, armoured
tail, reflexive curl
a: Rolling Charge, Renounce Religion, Heroism


You were on level 10 of the Dungeon.
You worshipped Okawaru.
Okawaru was greatly pleased with you.
You visited 2 branches of the dungeon, and saw 11 of its levels.

You collected 581 gold pieces.
You spent 85 gold pieces at shops.

Inventory:

Hand Weapons
 a - a +5 war axe of freezing (weapon)
 b - a +2 vorpal spear
Missiles
 u - a throwing net
Armour
 c - a +0 kite shield (worn)
 h - a +2 hat (worn)
 l - a +0 ring mail (worn)
 C - a +1 pair of gloves (worn)
Jewellery
 f - a ring of wizardry (left hand)
 q - a ring of protection from cold (right hand)
 y - an amulet of magic regeneration (around neck)
 E - a ring of wizardry
Wands
 p - a wand of flame (34)
 s - a wand of charming (4)
 v - a wand of polymorph (4)
 x - a wand of acid (8)
 D - a wand of digging (7)
 H - a wand of mindburst (16)
Scrolls
 i - a scroll of immolation
 k - 2 scrolls of vulnerability
 o - 3 scrolls of teleportation
 t - 2 scrolls of brand weapon
 z - 3 scrolls of fog
 F - a scroll of magic mapping {unknown}
 G - a scroll of holy word
 I - 2 scrolls of noise
Potions
 d - a potion of might
 e - 5 potions of brilliance
 g - 3 potions of heal wounds
 j - a potion of degeneration
 m - 2 potions of cancellation
 n - a potion of haste
 r - 2 potions of mutation
 w - a potion of lignification
 A - a potion of curing
 B - a potion of flight


   Skills:
 * Level 7.6 Fighting
 * Level 11.4 Axes
 * Level 7.0 Armour
 * Level 6.4 Shields
 * Level 3.1 Invocations


You had 10 spell levels left.
You didn't know any spells.
Your spell library contained the following spells:

 Spells                   Type           Power      Damage    Failure   Level
 Beastly Appendage        Tmut           0%         N/A       38%         1
 Summon Small Mammal      Summ           0%         N/A       38%         1
 Ensorcelled Hibernation  Hex/Ice        0%         N/A       52%         2
 Passwall                 Tmut/Erth      0%         N/A       52%         2
 Wereblood                Tmut           0%         N/A       52%         2
 Call Canine Familiar     Summ           0%         N/A       75%         3
 Dazzling Flash           Conj/Hex       0%         N/A       75%         3
 Spider Form              Tmut/Pois      0%         N/A       75%         3
 Summon Guardian Golem    Hex/Summ       0%         N/A       75%         3
 Swiftness                Air            0%         N/A       75%         3
 Iskenderun's Mystic Bla  Conj/Tloc      0%         2d3       98%         4
 Invisibility             Hex            0%         N/A       100%        6
 Shadow Creatures         Summ           N/A        N/A       100%        6
 Starburst                Conj/Fire      0%         8x6d3     100%        6


Dungeon Overview and Level Annotations

Branches:
Dungeon (10/15)            Temple (1/1) D:7            Lair (0/6) D:9
    Orc: D:9-12

Altars:
Ashenzari
Cheibriados
Elyvilon
Fedhas
Gozag
Kikubaaqudgha
Makhleb
Okawaru
Qazlal
Sif Muna
Trog
Uskayaw
Yredelemnul
Zin
The Shining One

Shops:
D:1 !   D:3 [   D:6 !


Innate Abilities, Weirdness & Mutations

You are completely covered in rugged brown scales. (AC +3, +7% HP)
You have supernaturally acute eyesight. (SInv)
Armour fits poorly on your strangely shaped body.
You can roll at nearby foes to attack.
You have a long armoured tail.
You curl defensively after being hit.


Message History

* * * LOW HITPOINT WARNING * * *
You slice the killer bee!! You freeze the killer bee.
You kill the killer bee!
Okawaru accepts your kill.
You hit the yak but do no damage.
The yak is heavily wounded.
You block the yak's attack.
You slice the yak!! You freeze the yak!
You kill the yak!
Okawaru accepts your kill.
You slash the yak! You freeze the yak!
The yak is severely wounded.
You block the yak's attack.
You hit the yak. You freeze the yak.
The yak is almost dead.
You slash the yak! You freeze the yak.
The yak is severely wounded.
You slash the yak! You freeze the yak.
You kill the yak!
Okawaru accepts your kill.
You hit the yak but do no damage. You tail-slap the yak.
The yak is almost dead.
The yak gores you but does no damage.
You hit the yak. You freeze the yak.
You kill the yak!
Okawaru accepts your kill.
You slash the yak! You freeze the yak.
You kill the yak!
Okawaru accepts your kill.
You slice the yak!! You freeze the yak!
The yak is severely wounded.
The yak gores you!
* * * LOW HITPOINT WARNING * * *
You slash the yak! You freeze the yak. You tail-slap the yak.
You kill the yak!
Okawaru accepts your kill.
You slice the yak!! You freeze the yak!
The yak is almost dead.
The yak gores you!
You die...

#.........#...# #....
#.........#...##......
#....
#.........#...##.._..
#....
#.........#...##....
#....
#....))...#...##...#
##..#....
#....)....#...##...#
....#....
....####...#...##...#
...#.... .
#...#...##...##.#
#..#....
#.......Y@...##.#
#..#....
#......###...##.#
#..#.... #......#
#...##.# #..#....
#......# #...##.#
#....... #......#
#...##.# #.......
#......# #......#
#....... #......#
#......# #.......
....# #......#
#...#..# #.......
....# #......#
#...#<.# #.......


You could see a yak.

Vanquished Creatures
  A two-headed ogre (D:8)
  Pikel (D:5)
  Joseph (D:8)
  An unseen horror (D:10)
  2 trolls
  10 yaks
  A steam dragon (D:8)
  Edmund (D:5)
  Duvessa (D:7)
  3 water moccasins
  A sky beast (D:6)
  A hornet zombie (D:8)
  2 orc warriors
  2 ice beasts
  5 ogres
  7 centaurs
  A kobold brigand (D:7)
  5 bullfrogs
  2 gnoll sergeants
  Dowan (D:7)
  A wyvern skeleton (D:7)
  2 water moccasin skeletons
  24 killer bees
  3 howler monkeys
  A wight (D:8)
  2 electric eels (D:9)
  A jelly (D:5)
  A bullfrog zombie (D:5)
  3 centaur zombies
  A centaur skeleton (D:6)
  2 hounds
  2 orc priests
  2 bullfrog skeletons
  A gnoll shaman (D:5)
  An iguana (D:5)
  6 orc wizards
  Terence (D:3)
  A hound skeleton (D:4)
  11 gnolls
  6 adders
  A shadow imp (D:7)
  3 white imps
  3 ufetubi
  An adder skeleton (D:5)
  A worm (D:3)
  2 dart slugs
  31 orcs
  7 endoplasms
  2 giant cockroaches
  6 goblins
  9 hobgoblins
  13 jackals
  4 quokkas
  8 ball pythons
  6 bats
  3 frilled lizards
  9 kobolds
  3 rats (D:1)
233 creatures vanquished.

Vanquished Creatures (others)
  7 plants (D:5)
7 creatures vanquished.

Grand Total: 240 creatures vanquished

Notes
Turn   | Place    | Note
-------+----------+-------------------------------------------
     0 | D:1      | Jawa73 the Palentonga Fighter began the quest for the Orb.
     0 | D:1      | Reached XP level 1. HP: 19/19 MP: 1/1
    84 | D:1      | Reached XP level 2. HP: 22/25 MP: 2/2
   462 | D:1      | Found Fetir's Distillery.
   469 | D:1      | Bought a potion of heal wounds for 55 gold pieces
   604 | D:1      | Found a faded altar of an unknown god.
   623 | D:1      | Reached XP level 3. HP: 30/31 MP: 3/3
  1356 | D:2      | Reached XP level 4. HP: 11/37 MP: 4/4
  1786 | D:2      | Reached skill level 3 in Axes
  2456 | D:3      | Noticed Terence
  2463 | D:3      | Killed Terence
  2641 | D:3      | Found Baujaygewn's Armour Shoppe.
  2800 | D:3      | Found a basalt altar of Yredelemnul.
  2892 | D:3      | Reached XP level 5. HP: 41/43 MP: 5/5
  3494 | D:4      | Noticed a centaur
  3498 | D:4      | Killed a centaur
  3499 | D:4      | Reached skill level 4 in Axes
  3499 | D:4      | Reached XP level 6. HP: 41/51 MP: 6/6
  3575 | D:4      | Noticed an ice beast
  3578 | D:4      | Killed an ice beast
  3735 | D:5      | Entered Level 5 of the Dungeon
  3786 | D:5      | Found an opulent altar of Gozag.
  3787 | D:5      | Found a bloodstained altar of Trog.
  3790 | D:5      | Found a broken altar of Ashenzari.
  3790 | D:5      | Found a glowing silver altar of Zin.
  3790 | D:5      | Found a hide-covered altar of Uskayaw.
  3790 | D:5      | Noticed Pikel
  3834 | D:5      | Killed Pikel
  3835 | D:5      | Reached skill level 6 in Axes
  3835 | D:5      | Gained mutation: You curl defensively after being hit.
                  | [Palentonga growth]
  3835 | D:5      | Reached XP level 7. HP: 15/58 MP: 7/7
  3987 | D:5      | Reached XP level 8. HP: 19/65 MP: 8/8
  4374 | D:5      | Reached skill level 5 in Fighting
  4377 | D:5      | Reached skill level 7 in Axes
  4381 | D:5      | Reached skill level 5 in Armour
  5264 | D:5      | Noticed Edmund
  5269 | D:5      | Killed Edmund
  5664 | D:6      | Reached skill level 8 in Axes
  5673 | D:6      | Reached XP level 9. HP: 40/72 MP: 9/9
  6707 | D:6      | Found Erog Jag's Distillery.
  6720 | D:6      | Bought a potion of lignification for 30 gold pieces
  7154 | D:7      | Found a staircase to the Ecumenical Temple.
  7170 | Temple   | Entered the Ecumenical Temple
  7267 | Temple   | Became a worshipper of Warmaster Okawaru
  7356 | D:7      | Reached skill level 5 in Shields
  7421 | D:7      | Reached skill level 9 in Axes
  7621 | D:7      | Noticed Duvessa
  7621 | D:7      | Noticed Dowan
  7626 | D:7      | Killed Duvessa
  7636 | D:7      | Killed Dowan
  8010 | D:7      | Reached * piety under Okawaru
  8516 | D:8      | Upgraded the game from 0.28-a0-29-g0adfcbbeba to
                  | 0.28-a0-95-g65e1ffefe4
  8567 | D:8      | Noticed Joseph
  8583 | D:8      | Killed Joseph
  8585 | D:8      | Reached XP level 10. HP: 21/82 MP: 10/10
  8855 | D:8      | Found a glowing golden altar of the Shining One.
  9001 | D:8      | Found a stormy altar of Qazlal.
  9153 | D:8      | Reached skill level 10 in Axes
  9401 | D:8      | Reached skill level 1 in Invocations
  9452 | D:8      | Noticed a two-headed ogre
  9459 | D:8      | Killed a two-headed ogre
  9459 | D:8      | Reached ** piety under Okawaru
 10432 | D:9      | Reached skill level 11 in Axes
 10700 | D:9      | Reached *** piety under Okawaru
 10975 | D:9      | Found a staircase to the Lair.
 11042 | D:9      | You fall into a shaft and drop 1 floor!
 11042 | D:10     | Entered Level 10 of the Dungeon
 12439 | D:10     | Found a snail-covered altar of Cheibriados.
 12456 | D:10     | Reached XP level 11. HP: 87/89 MP: 13/13
 12484 | D:10     | Reached **** piety under Okawaru
 12485 | D:10     | Slain by a yak

Illustrated notes

Levels and vault maps discovered:
D:1:      tarquinn_simple_flora_water_a, layout_loops_cross, serial_shops,
          shop_fountains, hellmonk_ecumenical_altar_blasted
D:2:      layout_basic
D:3:      layout_basic, overflow_temple_1_default, serial_shops, shop_statue,
          uniq_terence
D:4:      layout_rooms
D:5:      layout_basic, grunt_temple_overflow_open, serial_bayou_pond_b,
          uniq_pikel, uniq_edmund
D:6:      layout_loops_corners, serial_shops, nicolae_shop_window_shopping,
          minivault_24, grunt_decor_one_mirror, minmay_misc_feat_pillars
D:7:      minmay_general_purpose_star, layout_basic, minmay_temple_entry_waves,
          dk_noncrumbling_4, uniq_duvessa
D:8:      layout_basic, nicolae_qazlal_eye_of_the_storm,
          mainiacjoe_overflow_concentric_impassable, minmay_increasing_density,
          uniq_joseph
D:9:      layout_loops_corners, lair_entry_dummy, nrook_pool_corridor, eino_jars
D:10:     layout_long_grid, nicolae_hepliaklqana_monster_ancestors,
          nicolae_ru_sacrificial_ziggurat, cheibriados_altar_1
Temple:   minmay_temple_curvy_loop

Skill      XL: |  1  2  3  4  5  6  7  8  9 10 11 |
---------------+----------------------------------+-----
Shields        | 3 4 5 6 |  6.4
Armour         | 3 4 5 6 7 |  7.0
Axes           | 3 4 6 8 9 11 | 11.4
Fighting       | 4 5 6 7 |  7.6
Invocations    | 2 3 |  3.1

Action                   |  1- 3 |  4- 6 |  7- 9 | 10-12 || total
-------------------------+-------+-------+-------+-------++-------
Melee: War axe           |   110 |   107 |   209 |   182 ||   608
       Tailslap          |     7 |     8 |    31 |    14 ||    60
 Abil: Rolling Charge    |     3 |    13 |    34 |    16 ||    66
  Use: Scroll            |     3 |     6 |     6 |     8 ||    23
       Potion            |       |     1 |     2 |     1 ||     4
Armor: Scale mail        |    65 |    24 |       |       ||    89
       Ring mail         |       |    47 |    97 |    96 ||   240
Dodge: Dodged            |    35 |    54 |    64 |    61 ||   214
Block: Kite shield       |    80 |    52 |   110 |   131 ||   373

Table legend: (Time is in decaauts)
 A = Elapsed time spent in this place.
 B = Non-inter-level travel time spent in this place.
 C = Inter-level travel time spent in this place.
 D = Time resting spent in this place.
 E = Time spent auto-exploring this place.
 F = Levels seen in this place.
 G = Mean time per level.
                   A        B        C        D        E       F      G
               +--------+--------+--------+--------+--------+-----+--------+
         Total |  12676 |  12069 |    607 |   1609 |   8116 |  11 | 1152.4 |
       Dungeon |  12536 |  11970 |    566 |   1609 |   8036 |  10 | 1253.6 |
        Temple |    139 |     98 |     41 |      0 |     80 |   1 |  139.0 |
               +--------+--------+--------+--------+--------+-----+--------+

Top non-repeatable levels by time:
     D:9: 1919 daAuts
     D:8: 1782 daAuts
     D:5: 1757 daAuts
     D:6: 1513 daAuts
     D:2: 1477 daAuts
     D:7: 1425 daAuts
     D:3: 907 daAuts
     D:1: 832 daAuts
     D:4: 633 daAuts
    D:10: 288 daAuts
  Temple: 139 daAuts
